 Dungeon Crawl Stone Soup version 0.20.1-1-g8b1a95d (webtiles) character file.

72 miragecloak the Cudgeler (level 4, 4/35 HPs)
             Began as a Formicid Abyssal Knight on July 3, 2017.
             Was a Follower of Lugonu.
             Quit the game on level 2 of the Dungeon.
             The game lasted 00:02:09 (1930 turns).

miragecloak the Cudgeler (Formicid Abyssal Knight)  Turns: 1930, Time: 00:02:10

Health: 4/35       AC:  3    Str: 15 (16) XL:     4   Next: 48%
Magic:  5/5        EV: 11    Int: 10 (12) God:    Lugonu [*.....]
Gold:   58         SH:  0    Dex: 10 (11) Spells: 3/3 levels left

rFire    . . .     SeeInvis +   a - +1 mace
rCold    . . .     Gourm    .   (no shield)
rNeg     . . .     Faith    .   b - +0 leather armour
rPois    .         Spirit   .   (helmet unavailable)
rElec    .         Reflect  .   (no cloak)
rCorr    .         Harm     .   (no gloves)
MR       .....                  (no boots)
Stlth    +.........             (no amulet)
Regen    0.2/turn               (no ring)
MPRegen  0.1/turn               (no ring)

@: lethally poisoned (4 -> -3)
A: permanent stasis, dig shafts and tunnels, four strong arms, antennae 3
a: Dig, Shaft Self, Depart the Abyss, Renounce Religion


You were on level 2 of the Dungeon.
You worshipped Lugonu.
Lugonu was aware of your devotion.
You were very hungry.

You visited 1 branch of the dungeon, and saw 2 of its levels.
You visited the Abyss 1 time.

You collected 58 gold pieces.

Inventory:

Hand Weapons
 a - a +1 mace (weapon)
Armour
 b - a +0 leather armour (worn)
Jewellery
 i - a +2 ring of strength {unknown}
Scrolls
 e - a scroll of immolation {unknown}
 f - a scroll of noise {unknown}
 j - a scroll of remove curse {unknown}
 k - 2 scrolls of identify {unknown}
Comestibles
 c - a bread ration
 d - 5 fruits
 l - a meat ration


   Skills:
 - Level 3.2 Fighting
 + Level 4.4 Maces & Flails
 - Level 2.1 Armour
 - Level 0.8 Dodging
 - Level 2.1 Invocations


You had 3 spell levels left.
You didn't know any spells.

Dungeon Overview and Level Annotations

Branches:
Dungeon (2/15)

Altars:
Ashenzari


Innate Abilities, Weirdness & Mutations

You cannot be hasted, slowed, berserked, paralysed or teleported.
You can dig through walls and to a lower floor.
Your four strong arms can wield two-handed weapons with a shield.
You have a pair of large antennae on your head. (SInv)


Message History

You barely miss the adder.
The adder is almost dead.
* * * LOW HITPOINT WARNING * * *
You feel sick. The adder barely misses you. x2
You hit the adder.
You kill the adder!
Lugonu accepts your kill.
* * * LOW HITPOINT WARNING * * *
You feel sick.
Okay, then.
There is a lethal amount of poison in your body!
There is a lethal amount of poison in your body!
It was a potion of haste.
Your stasis prevents you from being hasted.
* * * LOW HITPOINT WARNING * * *
You feel sick.
It was a potion of degeneration.
There was something very wrong with that liquid.
You feel weakened.
You feel dopey.
You feel clumsy.
Are you sure you want to abandon this character and quit the game? (Confirm with "yes".)

####.#.# #........ .# #.#.#
#.........# .###.#.# #.........#
...#.#.######.........#
.#.#.#>...............#
.#.#.#.######.........#
.#.#.#.######.........##
.#.#.#...............)..
...#.#########..@...### .#.#.#
#.........# ####.# #........##
#.# ##+#.#...# ... #.#
#.#.....#### #..## #.#
#...#......# #.... #.#
#...#..#.### #...# #.#
#......._..#+##...#
####.##########.###.##.##.......#


There were no monsters in sight!

Vanquished Creatures
  2 adders (D:2)
  A worm (D:2)
  3 dart slugs (D:1)
  A ball python (D:2)
  3 giant cockroaches (D:1)
  6 hobgoblins (D:1)
  7 jackals
  3 kobolds (D:1)
  4 bats
  3 frilled lizards (D:1)
  4 goblins (D:1)
  6 rats
43 creatures vanquished.

Notes
Turn   | Place    | Note
-------+----------+-------------------------------------------
     0 | Abyss:1  | miragecloak the Formicid Abyssal Knight began the quest for the Orb.
     0 | Abyss:1  | Reached XP level 1. HP: 18/18 MP: 2/2
    61 | Abyss:1  | Noticed a worldbinder
    61 | D:1      | Escaped the Abyss
   396 | D:1      | Reached XP level 2. HP: 24/24 MP: 3/3
   530 | D:1      | Reached skill level 3 in Maces & Flails
   537 | D:1      | Reached * piety under Lugonu
   643 | D:1      | Reached XP level 3. HP: 29/29 MP: 4/4
  1490 | D:2      | Found a shattered altar of Ashenzari.
  1575 | D:2      | Reached skill level 4 in Maces & Flails
  1575 | D:2      | Reached XP level 4. HP: 26/35 MP: 5/5
  1930 | D:2      | Quit the game

Skill      XL: |  1  2  3 |
---------------+----------+-----
Maces & Flails | 3 4 |  4.4
Fighting       | |  3.2
Armour         | |  2.1
Dodging        | |  0.8
Invocations    | |  2.1

Action                   |  1- 3 |  4- 6 || total
-------------------------+-------+-------++-------
Melee: Mace              |   102 |    28 ||   130
Invok: Depart the Abyss  |     1 |       ||     1
  Use: Potion            |       |     2 ||     2
  Eat: Chunk             |     2 |       ||     2
Armor: Leather armour    |    22 |     7 ||    29
Dodge: Dodged            |    84 |    21 ||   105
